AoeStats
← FAD3D WHHYY NOT

Oasis

509031900Analyzed
4v4 RM · 7d ago on Sep 25, 2026· 59m 51s· 8 players
Game mode
Random Map
Map size
Large (8 player)
Population
200
Speed
Normal
Resources
Standard
Victory
Conquest
Starting age
Dark Age
Ending age
Imperial Age
RankedLock teamsTeams togetherTeam positionsShared explorationLock speedFull tech treeHidden civsTurbo modeCheats
Victory
Defeat
🇨🇦 Persians · Canada
772
+12
🇺🇸 Slavs · United States
750
+13
🇨🇦 Varangians · Canada
707
+14
🇨🇦 Japanese · Canada
698
+14
🇧🇷 Teutons · Brazil
706
-15
🇨🇦 Danes · Canada
696
-14
🇺🇸 Spanish · United States
691
-14
🇦🇷 Georgians · Argentina
592
-10
V snacks
4:19 Loom
14:49 Feudal Age
25:30 Castle Age
25:39 Gold Mining
25:41 Stone Mining
25:35 Horse Collar
26:31 Double-Bit Axe
29:30 Heavy Plow
33:12 Imperial Age
30:30 Town Watch
31:55 Bow Saw
37:10 Fletching
45:47 Scale Mail Armor
45:58 Forging
45:44 Bodkin Arrow
48:24 Gold Shaft Mining
51:12 Squires
50:33 Pikeman
51:58 Halberdier
FAD3D WHHYY NOT
0:28 Loom
13:13 Feudal Age
22:00 Castle Age
23:22 Double-Bit Axe
25:00 Fletching
32:06 Town Watch
32:04 Horse Collar
35:12 Bow Saw
35:11 Padded Archer Armor
35:08 Bodkin Arrow
37:09 Heavy Plow
42:46 Imperial Age
40:31 Husbandry
40:44 Bloodlines
40:56 Leather Archer Armor
40:47 Scale Barding Armor
43:16 Wheelbarrow
42:50 Cavalier
43:45 Thumb Ring
44:34 Conscription
44:40 Elite Conquistador
46:28 Caravan
46:59 Fortified Wall
48:24 Ring Archer Armor
48:21 Ballistics
51:25 Hand Cart
50:39 Paladin
51:40 Forging
53:29 Chain Barding Armor
Biscoitoso
1:08 Loom
11:53 Feudal Age
13:10 Wheelbarrow
12:49 Double-Bit Axe
22:24 Castle Age
21:18 Horse Collar
22:06 Stone Mining
22:09 Gold Mining
24:00 Bow Saw
23:54 Heavy Plow
24:31 Fervor
30:16 Forging
30:07 Scale Mail Armor
30:15 Scale Barding Armor
30:01 Fletching
30:11 Padded Archer Armor
31:19 Caravan
32:35 Ballistics
32:27 Fortified Wall
32:13 Town Watch
36:15 Imperial Age
34:04 Hand Cart
37:32 Conscription
36:34 Elite Teutonic Knight
37:32 Leather Archer Armor
39:11 Chemistry
40:07 Stone Shaft Mining
40:45 Crenellations
42:53 Two-Man Saw
42:22 Town Patrol
42:45 Guilds
42:51 Squires
42:37 Gambesons
42:37 Arson
42:13 Pikeman
43:35 Masonry
44:39 Crop Rotation
45:43 Iron Casting
45:23 Chain Mail Armor
45:05 Bodkin Arrow
45:40 Ring Archer Armor
44:57 Capped Ram
47:36 Blast Furnace
48:11 Plate Mail Armor
47:55 Siege Engineers
47:36 Arrowslits
49:11 Chain Barding Armor
49:21 Ring Archer Armor
49:48 Cavalier
50:39 Bloodlines
50:30 Bodkin Arrow
50:59 Ironclad
51:03 Bombard Tower
51:20 Coinage
50:58 Onager
53:53 Heavy Scorpion
DiamanteX3191
12:55 Feudal Age
13:55 Double-Bit Axe
14:05 Gold Mining
14:54 Wheelbarrow
17:20 Castle Age
15:37 Horse Collar
16:02 Stone Mining
16:25 Loom
19:18 Bow Saw
20:57 Heavy Plow
25:09 Stone Shaft Mining
26:35 Hand Cart
29:13 Imperial Age
26:32 Town Watch
29:59 Ballistics
29:49 Scale Barding Armor
29:58 Forging
30:27 Crop Rotation
33:36 Husbandry
33:48 Bloodlines
35:01 Elite Monaspa
36:04 Conscription
35:23 Cavalier
35:26 Light Cavalry
36:45 Chain Barding Armor
36:44 Hussar
38:08 Plate Barding Armor
38:09 Iron Casting
42:40 Blast Furnace
42:13 Fletching
43:56 Bodkin Arrow
45:03 Chemistry
44:00 Murder Holes
43:45 Treadmill Crane
44:16 Masonry
43:54 Arrowslits
43:59 Guard Tower
44:31 Caravan
47:32 Aznauri Cavalry
48:13 Bracer
51:17 Fervor
51:22 Block Printing
51:29 Sanctity
51:20 Redemption
51:46 Theocracy
52:31 Squires
52:17 Gambesons
51:53 Pikeman
52:36 Scale Mail Armor
54:51 Halberdier
57:05 Chain Mail Armor
57:42 Svan Towers
58:26 Hoardings
bankia7
1:24 Loom
13:19 Feudal Age
22:04 Castle Age
20:26 Horse Collar
23:06 Heavy Plow
27:22 Stone Mining
27:24 Gold Mining
27:58 Double-Bit Axe
29:22 Wheelbarrow
30:05 Bow Saw
31:46 Hand Cart
33:29 Caravan
35:47 Gold Shaft Mining
39:43 Imperial Age
37:18 Scale Mail Armor
41:41 Conscription
40:43 Elite Samurai
41:39 Forging
41:45 Chain Mail Armor
41:30 Padded Archer Armor
41:21 Fletching
42:23 Ballistics
43:40 Iron Casting
43:11 Scale Barding Armor
46:42 Two-Man Saw
47:42 Capped Ram
50:39 Chemistry
49:35 Heavy Cavalry Archer
54:17 Plate Mail Armor
54:02 Leather Archer Armor
53:43 Bodkin Arrow
54:09 Chain Barding Armor
54:49 Blast Furnace
60:02 Fortified Wall
59:33 Treadmill Crane
60:03 Masonry
McCleaveDynasty
1:36 Loom
10:45 Feudal Age
12:59 Double-Bit Axe
13:42 Horse Collar
15:12 Gold Mining
17:07 Wheelbarrow
20:42 Castle Age
20:12 Forging
20:46 Stone Mining
20:45 Arson
21:04 Scale Mail Armor
22:00 Gambesons
22:45 Squires
27:56 Stone Shaft Mining
29:35 Treadmill Crane
30:22 Heavy Plow
31:33 Fervor
31:25 Devotion
31:22 Herbal Medicine
32:09 Bow Saw
31:49 Town Watch
36:07 Imperial Age
36:00 Iron Casting
35:17 Fletching
35:27 Murder Holes
35:44 Fortified Wall
35:27 Guard Tower
36:23 Caravan
37:13 Conscription
38:13 Two-Man Saw
39:24 Crop Rotation
39:05 Gothikon
40:20 Masonry
41:18 Chain Mail Armor
41:49 Elite Varangian Guard
43:39 Blast Furnace
44:13 Plate Mail Armor
44:25 Scale Barding Armor
44:43 Padded Archer Armor
45:38 Hand Cart
46:26 Bodkin Arrow
47:14 Leather Archer Armor
46:56 Cranequins
48:04 Cavalier
49:19 Cavalier
50:11 Bloodlines
50:01 Husbandry
50:25 Chain Barding Armor
50:06 Bracer
54:24 Plate Barding Armor
54:20 Ring Archer Armor
54:15 Vendel Legacy
57:20 Heated Shot
58:02 Architecture
SmokedYoAzz420
1:01 Loom
16:55 Feudal Age
19:32 Wheelbarrow
22:24 Castle Age
20:19 Double-Bit Axe
21:48 Horse Collar
22:02 Gold Mining
22:06 Stone Mining
23:47 Wheelbarrow
23:52 Bow Saw
24:01 Heavy Plow
25:58 Gold Shaft Mining
30:27 Detinets
37:37 Imperial Age
35:25 Hand Cart
36:39 Scale Barding Armor
36:44 Forging
36:34 Scale Mail Armor
36:51 Caravan
38:09 Chain Barding Armor
38:23 Coinage
39:16 Conscription
41:27 Iron Casting
41:27 Plate Barding Armor
41:08 Chain Mail Armor
41:42 Banking
41:48 Crop Rotation
42:26 Two-Man Saw
43:01 Elite Boyar
47:54 Blast Furnace
47:24 Plate Mail Armor
47:01 Druzhina
46:51 Town Watch
46:31 Pikeman
47:12 Squires
46:36 Man-at-Arms
47:45 Halberdier
51:35 Chemistry
50:45 Fortified Wall
50:32 Murder Holes
50:58 Ballistics
53:06 Heavy Scorpion
54:58 Long Swordsman
Commander Davis
1:17 Loom
16:09 Feudal Age
17:53 Double-Bit Axe
17:51 Horse Collar
20:41 Gold Mining
20:48 Stone Mining
26:49 Castle Age
26:03 Wheelbarrow
27:21 Heavy Plow
29:34 Hand Cart
31:14 Stone Shaft Mining
31:16 Gold Shaft Mining
31:00 Bow Saw
39:34 Imperial Age
39:10 Elite War Elephant
40:27 Forging
40:23 Scale Barding Armor
41:42 Two-Man Saw
44:05 Chemistry
45:15 Iron Casting
45:09 Chain Barding Armor
45:44 Caravan
46:08 Ballistics
46:13 Thumb Ring
45:30 Crossbowman
46:14 Kamandaran
46:33 Citadels
46:44 Conscription
51:02 Blast Furnace
50:38 Plate Barding Armor
50:05 Scale Mail Armor
53:02 Devotion
53:18 Fervor
Connection lost

Rejoining the realm…

Still unreachable

The connection could not be restored.

Session expired

The server has moved on; the page needs a fresh start.